 Dungeon Crawl Stone Soup version 0.31-a0-175-g9f7f995f2b (webtiles) character file.

Game seed: 16283307897489869683

60 CowFu the Caller (level 4, -2/32 HPs)
             Began as a Gnoll Summoner on June 17, 2023.
             Was a Follower of Wu Jian.
             Succumbed to Ijyb's poison
             ... on level 3 of the Dungeon.
             The game lasted 00:02:55 (2268 turns).

CowFu the Caller (Gnoll Summoner)                   Turns: 2268, Time: 00:02:56

Health: -2/32      AC:  9    Str:  9    XL:     4   Next: 4%
Magic:  5/11       EV: 13    Int: 15    God:    Wu Jian [*.....]
Gold:   198        SH:  0    Dex: 16    Spells: 10/13 levels left

rFire   . . .        d - +0 club
rCold   . . .        (no shield)
rNeg    . . .        q - +5 leather armour of Ceduletz {Rampage Dex+4}
rPois   .            (no helmet)
rElec   .            (no cloak)
rCorr   .            l - +0 pair of gloves
SInv    .            (no boots)
Will    .....        (no amulet)
Stlth   +++          (no ring)
HPRegen 0.25/turn    (no ring)
MPRegen 0.12/turn

%: rampage
@: lethally poisoned (-2 -> -19), hasted, very quick
A: fangs 1, strong nose, distributed training
a: Renounce Religion


You were on level 3 of the Dungeon.
You worshipped Wu Jian.
Wu Jian was aware of your devotion.
You visited 1 branch of the dungeon, and saw 3 of its levels.

You collected 198 gold pieces.

Inventory:

Hand Weapons
 d - a +0 club (weapon)
Missiles
 m - 2 throwing nets
Armour
 a - a +0 robe
 l - a +0 pair of gloves (worn)
 q - the +5 leather armour of Ceduletz (worn) {Rampage Dex+4}
   (You found it on level 2 of the Dungeon)

   Dex:       It affects your dexterity (+4).
   Rampage:   It bestows one free step when moving towards enemies.
Scrolls
 e - a scroll of butterflies {unknown}
 f - 3 scrolls of amnesia {unknown}
 g - 2 scrolls of teleportation {unknown}
 h - a scroll of silence {unknown}
 j - a scroll of identify {unknown}
 k - a scroll of blinking {unknown}
 p - a scroll of revelation {unknown}
Potions
 b - a potion of magic
 c - a potion of haste
 i - 2 potions of invisibility {unknown}
 n - 2 potions of berserk rage {unknown}
 o - a potion of ambrosia {unknown}
 r - a potion of heal wounds {unknown}


   Skills:
 + Level 1.0 Fighting
 + Level 1.0 Short Blades
 + Level 1.0 Long Blades
 + Level 1.0 Axes
 + Level 1.0 Maces & Flails
 + Level 1.0 Polearms
 + Level 1.0 Staves
 + Level 1.0 Ranged Weapons
 + Level 1.0 Throwing
 + Level 1.0 Armour
 + Level 4.6 Dodging
 + Level 4.2 Stealth
 + Level 1.0 Shields
 + Level 1.0 Unarmed Combat
 + Level 5.0 Spellcasting
 + Level 0.8 Conjurations
 + Level 0.8 Hexes
 + Level 7.1 Summonings
 + Level 0.8 Necromancy
 + Level 0.8 Translocations
 + Level 0.8 Transmutations
 + Level 0.8 Fire Magic
 + Level 0.8 Ice Magic
 + Level 0.8 Air Magic
 + Level 0.8 Earth Magic
 + Level 0.8 Poison Magic
 + Level 1.1 Invocations
 + Level 1.0 Evocations


You had 10 spell levels left.
You knew the following spells:

 Your Spells              Type           Power      Damage    Failure   Level
a - Summon Small Mammal   Summ           100%       N/A       1%          1
b - Call Imp              Summ           50%        N/A       1%          2

Your spell library contained the following spells:

 Spells                   Type           Power      Damage    Failure   Level
 Call Canine Familiar     Summ           25%        N/A       3%          3
 Summon Guardian Golem    Hex/Summ       15%        N/A       13%         3
 Poisonous Vapours        Pois/Air       12%        N/A       24%         2
 Scorch                   Fire           12%        2d6       24%         2
 Summon Lightning Spire   Summ/Air       15%        N/A       38%         4
 Mephitic Cloud           Conj/Pois/Air  6%         N/A       43%         3
 Flame Wave               Conj/Fire      6%         2d5       83%         4
 Summon Cactus Giant      Summ           12%        N/A       88%         6
 Freezing Cloud           Conj/Ice/Air   3%         6-21      99%         5


Dungeon Overview and Level Annotations

Branches:
Dungeon (3/15)

Altars:
Gozag
Qazlal
Wu Jian

Annotations:
D:3 Ijyb


Innate Abilities, Weirdness & Mutations

You have very sharp teeth.
Your uncanny sense of smell can sniff out nearby items.
Your experience applies equally to all skills.


Message History

You closely miss Ijyb.
Ijyb is lightly wounded.
You feel sick.
Your cerulean imp hits the jackal with a -2 spear.
The jackal dies!
The Council accepts your kill.
You hit Ijyb but do no damage.
Ijyb is lightly wounded.
You feel sick.
You are no longer poisoned.
Ijyb closely misses you.
Your cerulean imp closely misses Ijyb.
Ijyb hits you but does no damage.
You are poisoned.
You hit Ijyb. You bite Ijyb, but do no damage.
Ijyb is lightly wounded.
You feel sick.
Your cerulean imp dies!
Your cerulean imp disappears in a puff of smoke!
Ijyb screams, "Get away!"
Ijyb misses you.
An endoplasm comes into view.
Casting: Summon Small Mammal (safe; 1% risk of failure)
Confirm with . or Enter, or press ? or * to list all spells.
You feel sick. Ijyb hits you but does no damage.
You are lethally poisoned!
Casting: Summon Small Mammal (safe; 1% risk of failure)
Confirm with . or Enter, or press ? or * to list all spells.
A tiny devil pulls itself out of the air.
* * * LOW HITPOINT WARNING * * *
You feel very sick.
Ijyb hits you with a +2 dagger of venom.
* * * LOW HITPOINT WARNING * * *
You are more poisoned.
Casting: Call Imp (safe; 1% risk of failure)
Confirm with . or Enter, or press ? or * to list all spells.
* * * LOW HITPOINT WARNING * * *
You feel very sick. Ijyb barely misses you.
Your cerulean imp barely misses Ijyb.
It was a potion of haste.
You feel yourself speed up.
You die...

##########.########....
...........#...........
........####...........
........### ...........
######..5.##########...
####.<# ###.#. ###r..#
#.#### #5....# #.....
#@#....# ###'####
########g###.## #.......
.......Shh...# #.......
.......)J.########.......
..........+......'..>....
..........########.......
..........# #.......
.P..PP....# #.......
.PP..P....# #.....).


You could see Ijyb (ally target), an adder, an endoplasm, 2 jackals, a friendly
cerulean imp (summoned) and a friendly rat (summoned).

Vanquished Creatures
  An adder (D:2)
  A ball python (D:3)
  3 bats
  2 endoplasms
  3 giant cockroaches
  3 hobgoblins (D:2)
  A frilled lizard (D:2)
  A kobold (D:3)
  A rat (D:1)
16 creatures vanquished.

Vanquished Creatures (collateral kills)
  An adder (D:2)
  A dart slug (D:2)
  An orc (D:3)
  A ball python (D:2)
  An endoplasm (D:3)
  3 giant cockroaches
  A goblin (D:1)
  3 jackals (D:3)
  3 kobolds
  A quokka (D:3)
  A bat (D:3)
  A frilled lizard (D:1)
  A rat (D:1)
19 creatures vanquished.

Grand Total: 35 creatures vanquished

Notes
Turn   | Place    | Note
-------+----------+-------------------------------------------
     0 | D:1      | CowFu the Gnoll Summoner began the quest for the Orb.
     0 | D:1      | Reached XP level 1. HP: 13/13 MP: 6/6
   372 | D:1      | Reached XP level 2. HP: 19/19 MP: 5/7
   375 | D:1      | Learned a level 2 spell: Call Imp
   852 | D:1      | Found a faded altar of an unknown god.
   862 | D:1      | Prayed at the altar of an unknown god.
   862 | D:1      | Became a worshipper of the Wu Jian Council
   862 | D:1      | Reached * piety under Wu Jian
  1304 | D:2      | Identified the +5 leather armour of Ceduletz {Rampage
                  | Dex+4}
  1403 | D:2      | Reached skill level 5 in Spellcasting
  1403 | D:2      | Reached XP level 3. HP: 22/25 MP: 7/9
  1441 | D:2      | Reached skill level 1 in Invocations
  1738 | D:2      | Reached skill level 1 in Fighting
  1738 | D:2      | Reached skill level 1 in Short Blades
  1738 | D:2      | Reached skill level 1 in Long Blades
  1738 | D:2      | Reached skill level 1 in Axes
  1738 | D:2      | Reached skill level 1 in Maces & Flails
  1738 | D:2      | Reached skill level 1 in Polearms
  1738 | D:2      | Reached skill level 1 in Staves
  1738 | D:2      | Reached skill level 1 in Ranged Weapons
  1738 | D:2      | Reached skill level 1 in Throwing
  1738 | D:2      | Reached skill level 1 in Armour
  1738 | D:2      | Reached skill level 1 in Shields
  1738 | D:2      | Reached skill level 1 in Unarmed Combat
  1738 | D:2      | Reached skill level 1 in Evocations
  2010 | D:3      | Found a stormy altar of Qazlal.
  2109 | D:3      | Found an opulent altar of Gozag.
  2154 | D:3      | Reached XP level 4. HP: 32/32 MP: 7/11
  2246 | D:3      | Noticed Ijyb
  2267 | D:3      | HP: 1/32 [poisoned by Ijyb]
  2268 | D:3      | Succumbed to Ijyb's poison

Illustrated notes

Levels and vault maps discovered:
D:1:      saegor_arrival_simple_e, layout_loops_corners,
          hellmonk_ecumenical_altar_slurped_away
D:2:      layout_basic, palyth_stone_intersect
D:3:      layout_basic, lemuel_crystal_altar,
          nicolae_gozag_cash_rules_everything_around_me,
          mainiacjoe_overflow_catch_the_wave, uniq_ijyb

Skill      XL: |  1  2  3 |
---------------+----------+-----
Spellcasting   | 5 |  5.0
Invocations    | 1 |  1.1
Fighting       | 1 |  1.0
Short Blades   | 1 |  1.0
Long Blades    | 1 |  1.0
Axes           | 1 |  1.0
Maces & Flails | 1 |  1.0
Polearms       | 1 |  1.0
Staves         | 1 |  1.0
Ranged Weapons | 1 |  1.0
Throwing       | 1 |  1.0
Armour         | 1 |  1.0
Shields        | 1 |  1.0
Unarmed Combat | 1 |  1.0
Evocations     | 1 |  1.0
Dodging        | |  4.6
Stealth        | |  4.2
Conjurations   | |  0.8
Hexes          | |  0.8
Summonings     | |  7.1
Necromancy     | |  0.8
Translocations | |  0.8
Transmutations | |  0.8
Fire Magic     | |  0.8
Ice Magic      | |  0.8
Air Magic      | |  0.8
Earth Magic    | |  0.8
Poison Magic   | |  0.8

Action                     |  1- 3 |  4- 6 || total
---------------------------+-------+-------++-------
  Melee: Unarmed           |    16 |       ||    16
         Club              |    81 |    12 ||    93
         Bite              |    15 |     1 ||    16
         Punch             |     4 |       ||     4
   Cast: Summon Small Mamm |    24 |     4 ||    28
         Call Imp          |    15 |     2 ||    17
Ability: Whirlwind         |     3 |     3 ||     6
         Lunge             |     1 |       ||     1
    Use: Potion            |       |     1 ||     1
   Stab: Sleeping          |     6 |       ||     6
         Distracted        |       |     1 ||     1
 Armour: Robe              |    12 |       ||    12
         Leather armour    |    21 |     9 ||    30
  Dodge: Dodged            |    87 |    12 ||    99

Table legend: (Time is in decaauts)
 A = Elapsed time spent in this place.
 B = Non-inter-level travel time spent in this place.
 C = Inter-level travel time spent in this place.
 D = Time resting spent in this place.
 E = Time spent auto-exploring this place.
 F = Levels seen in this place.
 G = Mean time per level.
                   A        B        C        D        E       F      G
               +--------+--------+--------+--------+--------+-----+--------+
         Total |   2289 |   2213 |     76 |      0 |   1790 |   3 |  763.0 |
       Dungeon |   2289 |   2213 |     76 |      0 |   1790 |   3 |  763.0 |
               +--------+--------+--------+--------+--------+-----+--------+

Top non-repeatable levels by time:
     D:1: 1063 daAuts
     D:2: 873 daAuts
     D:3: 353 daAuts
